 Dungeon Sprint DCSS version 0.30.1-9-gdf580d7c3d (webtiles) character file.

Game seed: 14035781432538254589

107 Heoruswealwe the Skirmisher (level 4, 0/39 HPs)
             Began as a Gnoll Hunter on Sept 26, 2023.
             Slain by an iguana (9 damage)
             ... in the Dungeon (Sprint IX: "|||||||||||||||||||||||||||||").
             The game lasted 00:02:10 (52 turns).

Heoruswealwe the Skirmisher (Gnoll Hunter)            Turns: 52, Time: 00:02:10

Health: 0/39       AC:  3    Str: 10    XL:     4   Next: 85%
Magic:  3/8        EV: 14    Int:  8    God:
Gold:   0          SH:  0    Dex: 18    Spells: 9/9 levels left

rFire   . . .        a - +0 shortbow
rCold   . . .        (shield currently unavailable)
rNeg    . . .        c - +0 leather armour
rPois   .            (no helmet)
rElec   .            (no cloak)
rCorr   .            (no gloves)
SInv    .            (no boots)
Will    .....        (no amulet)
Stlth   +++          (no ring)
HPRegen 0.26/turn    (no ring)
MPRegen 0.11/turn

%: no teleportation
@: no status effects
A: fangs 1, strong nose, distributed training
a: no special abilities


You were in the Dungeon.
You visited 1 branch

Inventory:

Hand Weapons
 a - a +0 shortbow (weapon)
Armour
 c - a +0 leather armour (worn)
Scrolls
 b - a scroll of immolation
 i - a scroll of blinking
Potions
 f - a potion of haste
 g - 2 potions of magic
 h - a potion of berserk rage


   Skills:
 + Level 5.6 Fighting
 + Level 3.1 Short Blades
 + Level 3.1 Long Blades
 + Level 3.1 Axes
 + Level 3.1 Maces & Flails
 + Level 3.1 Polearms
 + Level 3.1 Staves
 + Level 9.1 Ranged Weapons
 + Level 3.1 Throwing
 + Level 3.1 Armour
 + Level 5.6 Dodging
 + Level 4.0 Stealth
 + Level 3.1 Shields
 + Level 3.1 Unarmed Combat
 + Level 3.1 Spellcasting
 + Level 2.5 Conjurations
 + Level 2.5 Hexes
 + Level 2.5 Summonings
 + Level 2.5 Necromancy
 + Level 2.5 Translocations
 + Level 2.5 Transmutations
 + Level 2.5 Fire Magic
 + Level 2.5 Ice Magic
 + Level 2.5 Air Magic
 + Level 2.5 Earth Magic
 + Level 2.5 Poison Magic
 + Level 3.4 Invocations
 + Level 3.1 Evocations


You had 9 spell levels left.
You didn't know any spells.
Your spell library was empty.

Dungeon Overview and Level Annotations

Branches:
Dungeon (1/1)

Altars:


Innate Abilities, Weirdness & Mutations

You have very sharp teeth.
Your uncanny sense of smell can sniff out nearby items.
Your experience applies equally to all skills.


Message History

Your Earth Magic skill increases to level 2!
Your Poison Magic skill increases to level 2!
Your Invocations skill increases to level 3!
Your Evocations skill gained 2 levels and is now at level 3!
You have reached level 4!
You feel agile.
You shoot an arrow. The arrow hits the iguana.
The iguana is lightly wounded.
The iguana bites you but does no damage.
You shoot an arrow. The arrow hits the iguana.
The iguana is moderately wounded.
The iguana bites you!
You shoot an arrow. The arrow hits the iguana.
The iguana is heavily wounded.
The iguana bites you!
You are too injured to fight recklessly!
You are too injured to fight recklessly!
Fire: a) +0 shortbow
Press: ? - help, Q - select action Shift-Dir - straight line, f/p - iguana
Aim: an iguana (heavily wounded, 70% to hit)
You shoot an arrow. The arrow hits the iguana.
The iguana is almost dead.
The iguana bites you.
Fire: a) +0 shortbow
Press: ? - help, Q - select action Shift-Dir - straight line, f/p - iguana
Aim: an iguana (almost dead, 70% to hit)
You shoot an arrow.
The arrow hits the iguana but does no damage.
The iguana is almost dead.
The iguana bites you!
* * * LOW HITPOINT WARNING * * *
You feel better. The iguana closely misses you.
Fire: a) +0 shortbow
Press: ? - help, Q - select action Shift-Dir - straight line, f/p - iguana
Aim: an iguana (almost dead, 70% to hit)
You shoot an arrow.
The arrow hits the iguana but does no damage.
The iguana is almost dead.
The iguana bites you!
You die...

▓▓▓▓▓▓▓▓▓▓▓▓▓▓▓▓▓▓
+....5l@...))...<▓
▓▓▓▓▓▓▓▓▓▓▓▓▓▓▓▓▓▓
∆∆∆∆∆∆∆∆∆


You could see an iguana and a white imp.

Vanquished Creatures
  A centaur (D)
  A gnoll (D)
  An adder (D)
  A giant cockroach (D)
  2 goblins (D)
  A hobgoblin (D)
  A rat (D)
8 creatures vanquished.

Notes
Turn   | Place    | Note
-------+----------+-------------------------------------------
     0 | D        | Heoruswealwe the Gnoll Hunter began the quest for the Orb.
     0 | D        | Reached XP level 1. HP: 20/20 MP: 1/1
     8 | D        | Reached skill level 1 in Invocations
    11 | D        | Reached skill level 1 in Short Blades
    11 | D        | Reached skill level 1 in Long Blades
    11 | D        | Reached skill level 1 in Axes
    11 | D        | Reached skill level 1 in Maces & Flails
    11 | D        | Reached skill level 1 in Polearms
    11 | D        | Reached skill level 1 in Staves
    11 | D        | Reached skill level 1 in Throwing
    11 | D        | Reached skill level 1 in Armour
    11 | D        | Reached skill level 1 in Shields
    11 | D        | Reached skill level 1 in Unarmed Combat
    11 | D        | Reached skill level 1 in Spellcasting
    11 | D        | Reached skill level 1 in Evocations
    32 | D        | Noticed an iguana
    32 | D        | Noticed a centaur
    39 | D        | Reached skill level 1 in Conjurations
    39 | D        | Reached skill level 1 in Hexes
    39 | D        | Reached skill level 1 in Summonings
    39 | D        | Reached skill level 1 in Necromancy
    39 | D        | Reached skill level 1 in Translocations
    39 | D        | Reached skill level 1 in Transmutations
    39 | D        | Reached skill level 1 in Fire Magic
    39 | D        | Reached skill level 1 in Ice Magic
    39 | D        | Reached skill level 1 in Air Magic
    39 | D        | Reached skill level 1 in Earth Magic
    39 | D        | Reached skill level 1 in Poison Magic
    39 | D        | Reached XP level 2. HP: 19/26 MP: 2/4
    42 | D        | Reached XP level 3. HP: 32/32 MP: 2/5
    45 | D        | Killed a centaur
    46 | D        | Reached skill level 5 in Fighting
    46 | D        | Reached skill level 9 in Ranged Weapons
    46 | D        | Reached skill level 5 in Dodging
    46 | D        | Reached XP level 4. HP: 34/39 MP: 2/8
    52 | D        | Slain by an iguana

Illustrated notes

Levels and vault maps discovered:
D:        linesprint [early_d, line_temple, items_1, d_10, items_2, lair_1,
          lair_end, items_3, orc_1, orc_end, items_4, d_15, swamp_1, shoals_1,
          snake_1, spider_1, d_20, vaults_1, items_5, swamp_end, shoals_end,
          snake_end, spider_end, vaults_end, d_27, items_6, zot_1, zot_end,
          crypt_end, forest_end, elf_end, slime_end, tomb_end, abyss_end,
          pan_hell_end]

Skill      XL: |  1  2  3 |
---------------+----------+-----
Invocations    | 1 2 3 |  3.4
Short Blades   | 1 3 |  3.1
Long Blades    | 1 3 |  3.1
Axes           | 1 3 |  3.1
Maces & Flails | 1 3 |  3.1
Polearms       | 1 3 |  3.1
Staves         | 1 3 |  3.1
Throwing       | 1 3 |  3.1
Armour         | 1 3 |  3.1
Shields        | 1 3 |  3.1
Unarmed Combat | 1 3 |  3.1
Spellcasting   | 1 3 |  3.1
Evocations     | 1 3 |  3.1
Conjurations   | 1 2 |  2.5
Hexes          | 1 2 |  2.5
Summonings     | 1 2 |  2.5
Necromancy     | 1 2 |  2.5
Translocations | 1 2 |  2.5
Transmutations | 1 2 |  2.5
Fire Magic     | 1 2 |  2.5
Ice Magic      | 1 2 |  2.5
Air Magic      | 1 2 |  2.5
Earth Magic    | 1 2 |  2.5
Poison Magic   | 1 2 |  2.5
Stealth        | 3 4 |  4.0
Fighting       | 5 |  5.6
Ranged Weapons | 9 |  9.1
Dodging        | 5 |  5.6

Action                     |  1- 3 |  4- 6 || total
---------------------------+-------+-------++-------
   Fire: Shortbow          |    20 |     6 ||    26
    Use: Potion            |     1 |     1 ||     2
 Armour: Leather armour    |     2 |     1 ||     3
  Dodge: Dodged            |    17 |     1 ||    18
